 Dungeon Crawl Stone Soup version 0.29.1-12-g30fa7ad0bf (webtiles) character file.

Game seed: 9285339261541303895

1693 hawla the Arsonist (level 9, -3/63 HPs)
             Began as a Meteoran Fire Elementalist on Jan 12, 2023.
             Was an Initiate of Vehumet.
             Slain by a two-headed ogre
             ... wielding a +0 giant club
              (14 damage)
             ... on level 8 of the Dungeon.
             The game lasted 00:09:42 (2301 turns).

hawla the Arsonist (Meteoran Fire Elementalist)     Turns: 2301, Time: 00:09:43

Health: -3/63      AC:  6    Str: 11    XL:     9   Next: 46%
Magic:  16/22      EV: 13    Int: 21    God:    Vehumet [......]
Gold:   153        SH:  0    Dex: 14    Spells: 18/25 levels left

rFire   . . .      SeeInvis .   n - +1 falchion (flame)
rCold   . . .      Faith    .   (no shield)
rNeg    + . .      Spirit   .   g - +2 robe {rN+}
rPois   +          Reflect  .   b - +0 helmet
rElec   .          Harm     .   (no cloak)
rCorr   .          Rampage  .   (no gloves)
Will    +....                   m - +0 pair of boots
Stlth   +.........              (no amulet)
HPRegen 0.20/turn               (no ring)
MPRegen 0.18/turn               (no ring)

@: glowing
A: sense surroundings 2, otherworldly, glowing, explore regen, deterioration 1,
poison resistance
a: Renounce Religion


You were on level 8 of the Dungeon.
You worshipped Vehumet.
Vehumet was noncommittal.
You visited 2 branches of the dungeon, and saw 9 of its levels.

You collected 153 gold pieces.

Inventory:

Hand Weapons
 n - a +1 falchion of flaming (weapon)
Armour
 b - a +0 helmet (worn)
 g - a +2 robe of positive energy (worn)
 m - a +0 pair of boots (worn)
Wands
 i - a wand of light (11)
Scrolls
 a - a scroll of fog
Potions
 d - a potion of flight {unknown}
 e - a potion of resistance
 f - 3 potions of curing {unknown}
 h - a potion of berserk rage {unknown}
 j - a potion of brilliance {unknown}


   Skills:
 + Level 0.6 Fighting
 + Level 3.8 Dodging
 - Level 1.4 Stealth
 + Level 8.6 Spellcasting
 + Level 4.1 Conjurations
 + Level 9.9 Fire Magic


You had 18 spell levels left.
You knew the following spells:

 Your Spells              Type           Power      Damage    Failure   Level
a - Foxfire               Conj/Fire      100%       2x1d9     1%          1
b - Scorch                Fire           100%       2d10      1%          2
c - Flame Wave            Conj/Fire      38%        2d10      4%          4

Your spell library contained the following spells:

 Spells                   Type           Power      Damage    Failure   Level
 Conjure Flame            Conj/Fire      38%        6-21      1%          3
 Inner Flame              Hex/Fire       29%        N/A       3%          3
 Static Discharge         Conj/Air       17%        3-6/arc   4%          2
 Freeze                   Ice            36%        1d6       8%          1
 Frozen Ramparts          Ice            18%        1d3       22%         3
 Hailstorm                Conj/Ice       17%        3d6       32%         4
 Lightning Bolt           Conj/Air       8%         1d21      65%         5
 Maxwell's Capacitive Co  Air            4%         ∞         100%        8


Dungeon Overview and Level Annotations

Branches:
Dungeon (8/15) Zot: 2713   Temple (1/1) D:5 Zot: 587
   Lair: D:8-11

Altars:
Ashenzari
Cheibriados
Fedhas
Makhleb
Nemelex Xobeh
Okawaru
Qazlal
Sif Muna
Trog
Vehumet
Wu Jian


Innate Abilities, Weirdness & Mutations

You passively map the area around you.
You are easily found by Zot.
You glow in the dark.
You regain HP and MP as you explore.
Your body sometimes deteriorates upon taking damage.
Your system is resistant to poisons. (rPois)


Message History

You drop a +1 whip of venom.
A two-headed ogre comes into view.
It is wielding a +0 giant club and a +0 giant spiked club.
Setting a skill training target for Long Blades at 14.0.
Okay, then.
Casting: Scorch (safe; 1% risk of failure)
Confirm with . or Enter, or press ? or * to list all spells.
You conjure some foxfire!
The two-headed ogre shouts in stereo!
Casting: Foxfire (safe; 1% risk of failure)
Confirm with . or Enter, or press ? or * to list all spells.
You conjure some foxfire!
The foxfire hits the two-headed ogre but does no damage.
The foxfire hits the two-headed ogre.
The two-headed ogre is lightly wounded.
Okay, then.
It was a potion of mutation.
You feel extremely strange.
You feel resistant to poisons.
You feel yourself wasting away.
The foxfire hits the two-headed ogre but does no damage.
The two-headed ogre is lightly wounded.
The foxfire hits the two-headed ogre.
The two-headed ogre is lightly wounded.
Magic courses through your body.
Casting: Foxfire (safe; 1% risk of failure)
Confirm with . or Enter, or press ? or * to list all spells.
Flames lash the two-headed ogre.
The two-headed ogre is moderately wounded.
The two-headed ogre's fire resistance burns away.
The two-headed ogre hits you with a +0 giant club.
The two-headed ogre hits you with a +0 giant spiked club!
* * * LOW HITPOINT WARNING * * *
Casting: Scorch (safe; 1% risk of failure)
Confirm with . or Enter, or press ? or * to list all spells.
Flames lash the two-headed ogre.
The two-headed ogre is burned terribly!
The two-headed ogre is heavily wounded.
Casting: Scorch (safe; 1% risk of failure)
Confirm with . or Enter, or press ? or * to list all spells.
Flames lash the two-headed ogre.
The two-headed ogre is burned terribly!
The two-headed ogre is severely wounded.
The two-headed ogre hits you with a +0 giant club!
You die...

, ,, * , * , ....
. , * ,,....
.##### * ,
.....,.....,
,,..... ....# * ,
......#...# , *
......#.#.# , ,
.......O#.### * *
.......@[...# ,
......###.#.# *, ,
* #..## #...#.# .,
* ###.#.# *,* *
###.#.# *, #...#.#
* * #.###.# * ,
,#.###.#########.#
*
#...............#


You could see a two-headed ogre (combustible).

Vanquished Creatures
  A two-headed ogre (D:8)
  A troll (D:8)
  Sigmund (D:3)
  A water moccasin (D:6)
  An ogre (D:6)
  A phantom (D:5)
  A bullfrog (D:8)
  4 hounds
  A jelly (D:5)
  An orc priest (D:8)
  A gnoll bouda (D:5)
  An iguana (D:6)
  2 orc wizards (D:8)
  Robin (D:3)
  3 gnolls (D:5)
  An adder (D:4)
  An ufetubus (D:4)
  2 dart slugs
  3 orcs
  3 endoplasms
  A giant cockroach (D:4)
  14 goblins
  8 hobgoblins
  7 ball pythons
  3 bats (D:1)
  2 frilled lizards
  5 kobolds
  2 rats
73 creatures vanquished.

Vanquished Creatures (collateral kills)
  7 foxfires (D:4)
7 creatures vanquished.

Vanquished Creatures (others)
  153 foxfires
153 creatures vanquished.

Grand Total: 233 creatures vanquished

Notes
Turn   | Place    | Note
-------+----------+-------------------------------------------
     0 | D:1      | hawla the Meteoran Fire Elementalist began the quest for
                  | the Orb.
     0 | D:1      | Reached XP level 1. HP: 14/14 MP: 5/5
   276 | D:1      | Reached skill level 4 in Fire Magic
   411 | D:1      | Reached XP level 2. HP: 19/20 MP: 6/6
   414 | D:1      | Learned a level 2 spell: Scorch
   499 | D:1      | Glimpsed the power of Zot.
   532 | D:1      | Found a faded altar of an unknown god.
   549 | D:1      | Glimpsed the power of Zot.
   589 | D:1      | Glimpsed the power of Zot.
   599 | D:1      | Touched by the power of Zot.
   700 | D:1      | Glimpsed the power of Zot.
   835 | D:3      | Reached XP level 3. HP: 21/21 MP: 5/8
   885 | D:3      | Noticed Robin
   893 | D:3      | Killed Robin
   894 | D:3      | Reached skill level 5 in Fire Magic
   894 | D:3      | Reached XP level 4. HP: 9/31 MP: 2/9
   950 | D:3      | Noticed Sigmund
   956 | D:3      | Killed Sigmund
   957 | D:3      | Reached XP level 5. HP: 36/38 MP: 1/12
   957 | D:3      | Reached XP level 6. HP: 43/45 MP: 1/13
  1205 | D:4      | Reached skill level 6 in Fire Magic
  1223 | D:4      | Found a sparkling altar of Nemelex Xobeh.
  1650 | D:4      | Reached XP level 7. HP: 50/50 MP: 12/15
  2060 | D:5      | Entered Level 5 of the Dungeon
  2073 | D:5      | Reached skill level 5 in Spellcasting
  2073 | D:5      | Found a staircase to the Ecumenical Temple.
  2078 | D:5      | Reached skill level 7 in Fire Magic
  2101 | Temple   | Entered the Ecumenical Temple
  2107 | Temple   | Became a worshipper of Vehumet
  2149 | D:6      | Noticed a water moccasin
  2171 | D:6      | Reached XP level 8. HP: 35/57 MP: 5/17
  2189 | D:6      | Learned a level 4 spell: Flame Wave
  2218 | D:8      | Reached skill level 8 in Fire Magic
  2279 | D:8      | Noticed a two-headed ogre
  2286 | D:8      | Killed a two-headed ogre
  2286 | D:8      | Noticed a troll
  2287 | D:8      | Reached skill level 9 in Fire Magic
  2287 | D:8      | Gained mutation: You passively map the area around you.
                  | [Meteoran growth]
  2287 | D:8      | Reached XP level 9. HP: 25/63 MP: 8/22
  2290 | D:8      | Killed a troll
  2294 | D:8      | Noticed a two-headed ogre
  2297 | D:8      | Gained mutation: Your system is resistant to poisons.
                  | (rPois) [potion of mutation]
  2297 | D:8      | Gained mutation: Your body sometimes deteriorates upon
                  | taking damage. [potion of mutation]
  2301 | D:8      | Slain by a two-headed ogre

Illustrated notes

Levels and vault maps discovered:
D:1:      eino_arrival_water_star, layout_loops_corners,
          ebering_ecumenical_altar_abandoned, chequers_serial_rivers_room_a,
          minmay_tromino_v2
D:2:      layout_basic, serial_glass, glass_columns_b, glass_columns_a,
          glass_columns_a, glass_columns_a, minmay_strange_pillars,
          item_on_display_a, item_on_display_a, feat_on_display,
          uniq_crazy_yiuf_cottage
D:3:      layout_basic, minmay_misc_feat_diagonals, dk_noncrumbling_3,
          uniq_robin, uniq_sigmund, uniq_jessica
D:4:      layout_layer_cave, mainiacjoe_overflow_cross_hatched,
          minmay_checkerbox
D:5:      layout_basic, minmay_temple_entry_mini_moons
D:6:      layout_rooms, uniq_duvessa
D:7:      layout_cave_pools, gammafunk_temple_overflow_forgotten, serial_bayou,
          serial_bayou_crossing, serial_bayou_pond_e, serial_bayou_shore_a,
          serial_bayou_pond_a
D:8:      layout_basic, zin_treasury, minmay_manual_mess
Temple:   compressed_dpeg_triangle_lava_temple

Skill      XL: |  1  2  3  4  5  6  7  8  9 |
---------------+----------------------------+-----
Fire Magic     | 4 5 6 7 9 |  9.9
Spellcasting   | 3 4 5 8 |  8.6
Dodging        | 3 |  3.8
Conjurations   | 2 3 4 |  4.1
Fighting       | |  0.6
Stealth        | |  1.4

Action                   |  1- 3 |  4- 6 |  7- 9 || total
-------------------------+-------+-------+-------++-------
Melee: Unarmed           |     5 |     1 |     3 ||     9
 Cast: Foxfire           |    30 |    23 |    37 ||    90
       Scorch            |     4 |    13 |    28 ||    45
       Flame Wave        |       |       |     1 ||     1
  Use: Scroll            |     5 |     1 |     1 ||     7
       Potion            |     1 |       |     2 ||     3
Armor: Robe              |     3 |     2 |     3 ||     8
Dodge: Dodged            |    12 |     4 |    15 ||    31
